 Dungeon Crawl Stone Soup version 0.29.1-4-g47bece8355 (webtiles) character file.

Game seed: 10198760733238098941

20 ChadusMaximus the Trooper (level 2, 0/27 HPs)
             Began as a Minotaur Fighter on Dec 11, 2022.
             Slain by a gnoll
             ... wielding a +0 flail
              (4 damage)
             ... on level 2 of the Dungeon.
             The game lasted 00:00:56 (727 turns).

ChadusMaximus the Trooper (Minotaur Fighter)         Turns: 727, Time: 00:00:57

Health: 0/27       AC:  7    Str: 20    XL:     2   Next: 58%
Magic:  1/1        EV:  9    Int:  5    God:
Gold:   29         SH:  4    Dex:  9    Spells: 1/1 levels left

rFire   . . .      SeeInvis .   a - +0 war axe
rCold   . . .      Faith    .   c - +0 buckler
rNeg    . . .      Spirit   .   b - +0 scale mail
rPois   .          Reflect  .   (helmet restricted)
rElec   .          Harm     .   (no cloak)
rCorr   .          Rampage  .   (no gloves)
Will    .....                   (no boots)
Stlth   ..........              (no amulet)
HPRegen 0.09/turn               (no ring)
MPRegen 0.07/turn               (no ring)

@: no status effects
A: horns 2, retaliatory headbutt
a: no special abilities


You were on level 2 of the Dungeon.
You visited 1 branch of the dungeon, and saw 2 of its levels.

You collected 29 gold pieces.

Inventory:

Hand Weapons
 a - a +0 war axe (weapon)
Armour
 b - a +0 scale mail (worn)
 c - a +0 buckler (worn)
Scrolls
 e - a scroll of teleportation {unknown}
 h - 2 scrolls of butterflies {unknown}
 j - a scroll of fear {unknown}
 l - a scroll of magic mapping {unknown}
 m - 3 scrolls of enchant armour {unknown}
 n - a scroll of poison {unknown}
Potions
 d - a potion of might
 f - a potion of resistance {unknown}
 g - a potion of attraction {unknown}
 i - 2 potions of curing {unknown}
 k - a potion of flight {unknown}
 o - a potion of berserk rage {unknown}


   Skills:
 + Level 4.0 Fighting
 + Level 2.8 Axes
 + Level 4.0 Armour
 + Level 3.9 Shields


You had one spell level left.
You didn't know any spells.
Your spell library was empty.

Dungeon Overview and Level Annotations

Branches:
Dungeon (2/15)

Altars:

Shops:
D:1 (!


Innate Abilities, Weirdness & Mutations

You have a pair of horns on your head.
You reflexively headbutt those who attack you in melee.


Message History

A gnoll comes into view.
It is wielding a +1 whip of electrocution.
The gnoll shouts!
A gnoll comes into view. It is wielding a +0 whip.
A gnoll comes into view. It is wielding a +0 flail.
There are monsters nearby!
The gnoll shouts!
There are monsters nearby!
The gnoll hits you with a +1 whip of electrocution.
Unknown command.
You hit the gnoll. You headbutt the gnoll.
You kill the gnoll!
Your Fighting skill increases to level 4!
Your Armour skill increases to level 4!
You barely miss the gnoll. The gnoll hits you with a +0 whip.
You slash the gnoll!
The gnoll is heavily wounded.
The gnoll hits you with a +0 flail.
You barely miss the gnoll. Your headbutt misses the gnoll.
The gnoll is heavily wounded.
You block the gnoll's attack. The gnoll closely misses you.
You barely miss the gnoll.
The gnoll is heavily wounded.
The gnoll hits you with a +0 flail.
Unknown command.
You barely miss the gnoll.
The gnoll is heavily wounded.
The gnoll barely misses you. The gnoll hits you with a +0 flail.
You hit the gnoll but do no damage. Your headbutt misses the gnoll.
The gnoll is heavily wounded.
The gnoll hits you with a +0 flail.
You hit the gnoll.
The gnoll is almost dead.
The gnoll hits you with a +0 flail.
* * * LOW HITPOINT WARNING * * *
You closely miss the gnoll.
The gnoll is severely wounded.
The gnoll hits you with a +0 flail.
* * * LOW HITPOINT WARNING * * *
The gnoll hits you with a +0 flail.
You die...

#...# # ##.## #
#.# #.# #.#
##### #.# ...#
#.#
.#.######.###.#
.....gg@....†.#
##.######.#####
#.# ..# ####


You could see 2 gnolls.

Vanquished Creatures
  A gnoll (D:2)
  An endoplasm (D:2)
  2 goblins (D:1)
  A quokka (D:1)
  2 bats
  2 frilled lizards (D:1)
  2 kobolds (D:1)
  A rat (D:1)
12 creatures vanquished.

Notes
Turn   | Place    | Note
-------+----------+-------------------------------------------
     0 | D:1      | ChadusMaximus the Minotaur Fighter began the quest for the
                  | Orb.
     0 | D:1      | Reached XP level 1. HP: 19/19 MP: 0/0
    26 | D:1      | Found a faded altar of an unknown god.
   213 | D:1      | Found Tonug's Distillery.
   407 | D:1      | Found Winiziug's Weapon Shop.
   437 | D:1      | Reached XP level 2. HP: 27/27 MP: 1/1
   727 | D:2      | Slain by a gnoll

Illustrated notes

Levels and vault maps discovered:
D:1:      wheals_arrival_shading, layout_loops_ring, serial_glass,
          glass_columns_a, glass_columns_c,
          hellmonk_ecumenical_altar_pennies_from_heaven, serial_shops,
          nicolae_shop_statue_plus, nicolae_square_shop,
          hangedman_feature_mirror, minmay_misc_feat_room,
          minmay_misc_feat_hallway
D:2:      layout_loops_corners

Skill      XL: |  1  2 |
---------------+-------+-----
Fighting       | 4 |  4.0
Armour         | 4 |  4.0
Axes           | |  2.8
Shields        | |  3.9

Action                   || total
-------------------------++-------
Melee: War axe           ||    34
       Headbutt          ||     4
Armor: Scale mail        ||     9
Dodge: Dodged            ||    11
Block: Buckler           ||     4
